 Dungeon Crawl Stone Soup version 0.17-a0-1648-g0a089d4 (webtiles) character file.

9202 karlkraus the Blocker (level 11, -7/97 HPs)
             Began as a Minotaur Fighter on Aug 13, 2015.
             Was a Follower of Ru.
             Killed by nerve-wracking pain
             ... invoked by an orc priest
              (14 damage)
             ... on level 3 of the Orcish Mines.
             The game lasted 00:21:38 (7680 turns).

karlkraus the Blocker (Minotaur Fighter)            Turns: 7680, Time: 00:21:38

Health: -7/97      AC: 28    Str: 20    XL:     11   Next: 19%
Magic:  10/10      EV:  7    Int:  8    God:    Ru [*.....]
Gold:   777        SH:  0    Dex: 14    Spells: 0 memorised, 10 levels left

rFire  . . .     SeeInvis .     f - +1 flail (protect)
rCold  . . .     Clarity  .     v - +1 plate armour
rNeg   . . .     SustAt   .     c - +0 shield
rPois  .         Gourm    .     N - +0 hat {Int+3}
rElec  .         Spirit   .     (no cloak)
rCorr  .         Warding  .     x - +0 pair of gloves
rMut   .         Stasis   .     M - +1 pair of boots
MR     .....                    (no amulet)
Stlth  ..........               D - +3 ring of protection
                                C - +2 ring of protection

@: confused, lethally poisoned (-7 -> -18), not resistant to hostile
enchantments, extremely unstealthy
A: retaliatory headbutt, horns 2, hated by all
a: Renounce Religion


You were on level 3 of the Orcish Mines.
You worshipped Ru.
Ru was aware of your devotion.
You were hungry.

You visited 2 branches of the dungeon, and saw 13 of its levels.

You collected 777 gold pieces.

Inventory:

Hand weapons
 f - a +1 flail of protection (weapon)
 s - a +3 flail
 I - a +1 flail of protection
Armour
 c - a +0 shield (worn)
 v - a +1 plate armour (worn)
 x - a +0 pair of gloves (worn)
 M - a +1 pair of boots (worn)
 N - a +0 hat of intelligence (worn)
Jewellery
 k - an uncursed ring of protection from fire
 r - an uncursed ring of protection from fire
 u - an uncursed ring of positive energy
 B - an uncursed ring of teleportation
 C - a +2 ring of protection (left hand)
 D - a +3 ring of protection (right hand)
 J - an uncursed ring of ice
Scrolls
 h - 8 scrolls of remove curse
 i - 2 scrolls of immolation
 j - 2 scrolls of enchant weapon
 l - 3 scrolls of noise
 n - a scroll of enchant armour
 p - a scroll of magic mapping {unknown}
 w - a scroll of teleportation
 y - 5 scrolls of identify
 z - a scroll of amnesia
 L - a scroll of fear
 R - a scroll of acquirement {unknown}
Potions
 d - a potion of agility {unknown}
 g - a potion of flight
 t - 2 potions of brilliance
 F - a potion of mutation {unknown}
 G - a potion of cancellation {unknown}
 H - 2 potions of curing
 O - a potion of poison {unknown}
 Q - a potion of haste {unknown}
Books
 a - a book of the Sky

   Spells                             Type                      Level
   a - Summon Lightning Spire         Summoning/Air                4
   b - Airstrike                      Air                          4
   c - Silence                        Hexes/Air                    5
   d - Deflect Missiles               Charms/Air                   6
   e - Conjure Ball Lightning         Conjuration/Air              6
   f - Tornado                        Air                          9
 A - a book of the Tempests

   Spells                             Type                      Level
   a - Static Discharge               Conjuration/Air              3
   b - Lightning Bolt                 Conjuration/Air              5
   c - Fireball                       Conjuration/Fire             5
   d - Tornado                        Air                          9
   e - Shatter                        Earth                        9
 K - a book of Minor Magic

   Spells                             Type                      Level
   a - Magic Dart                     Conjuration                  1
   b - Blink                          Translocation                2
   c - Call Imp                       Summoning                    2
   d - Repel Missiles                 Charms/Air                   2
   e - Slow                           Hexes                        2
   f - Conjure Flame                  Conjuration/Fire             3
   g - Mephitic Cloud                 Conjuration/Poison/Air       3
 P - a book of Ice

   Spells                             Type                      Level
   a - Ice Form                       Ice/Transmutation            4
   b - Metabolic Englaciation         Hexes/Ice                    5
   c - Ozocubu's Refrigeration        Ice                          6
   d - Bolt of Cold                   Conjuration/Ice              6
   e - Freezing Cloud                 Conjuration/Ice/Air          6
   f - Simulacrum                     Ice/Necromancy               6
Comestibles
 b - 6 chunks of flesh
 e - 5 bread rations
 m - a slice of pizza
 o - 8 meat rations
 q - a beef jerky
 E - 2 royal jellies


   Skills:
 + Level 9.4 Fighting
 + Level 11.4 Maces & Flails
 + Level 8.3 Armour
 + Level 3.8 Dodging
 + Level 1.3 Stealth
 + Level 12.7 Shields


You had 10 spell levels left.
You didn't know any spells.

Dungeon Overview and Level Annotations

Branches:
Dungeon (9/15)             Temple (0/1) D:7             Orc (4/4) D:9
   Lair: D:8-11         Elf: Orc:3-4

Altars:
Dithmenos
Elyvilon
Kikubaaqudgha
Makhleb
Nemelex Xobeh
Ru
Trog
Yredelemnul
Beogh

Shops:
D:4 (   D:6 %

Annotations:
D:9 Prince Ribbit
Orc:3 Maud


Innate Abilities, Weirdness & Mutations

You reflexively headbutt those who attack you in melee.
You have a pair of horns on your head.
You are hated by all.


Message History

Something hits you but does no damage. Maud hits you but does no damage.
The orc priest looks braver for a moment.
You're too confused to move!
You feel sick. The orc warrior barely misses you.
A puff of flame appears from out of thin air!
The puff of flame misses you. The orc hits you but does no damage.
The orc closely misses you.
The orc priest calls down the wrath of Beogh upon you.
Pain shoots through your body!
* * * LOW HITPOINT WARNING * * *
Maud hits you with a battleaxe!
* * * LOW HITPOINT WARNING * * *
You sock Maud! You headbutt Maud.
Maud is heavily wounded.
You feel sick. Something hits you but does no damage.
The orc warrior hits you but does no damage.
You are lethally poisoned!
The orc hits you but does no damage.
The orc priest invokes the aid of Beogh against you.
Pain shoots through your body!
You die...

....... ... ...
.......#..#....
........$.#....
$..............
...............
......$........
.#.....o.......
......{oo......
....#.@@o.....$
. #..o##......
#.... ......
#..... .....
..#.... ..#.. .
#.... .# .
##.#. ## ####


You could see Maud, an orc warrior, an orc priest and 3 orcs.

Vanquished Creatures
  Gastronok (D:8)
  The ghost of karlkraus the Blocker, an experienced MiFi of Cheibriados (D:9)
  A two-headed ogre (D:7)
  2 trolls
  4 wraiths (D:8)
  2 hungry ghosts
  2 ice beasts
  6 orc warriors
  4 sky beasts
  3 black bears
  A necrophage (D:8)
  2 phantoms
  6 centaurs
  An elf zombie (D:8)
  9 ogres
  4 giant frogs
  A gnoll sergeant (D:6)
  A troll zombie (D:8)
  A scorpion (D:5)
  A water moccasin skeleton (D:7)
  4 wights (D:8)
  2 giant frog zombies
  2 crimson imps
  2 jellies (D:6)
  3 human zombies (D:8)
  A centaur zombie (D:9)
  3 giant frog skeletons
  2 gnoll shamans
  14 orc priests
  6 hounds
  10 orc wizards
  5 worker ants
  An iguana (D:8)
  An ogre skeleton (D:8)
  A hound zombie (D:7)
  2 hound skeletons (D:7)
  A mummy (D:8)
  A worker ant zombie (D:9)
  Robin (D:2)
  19 gnolls
  12 adders
  2 shadow imps
  An ooze (D:7)
  An adder skeleton (D:6)
  A worm (D:3)
  62 orcs
  A ball python (D:3)
  4 bats
  8 hobgoblins
  10 jackals
  6 quokkas
  2 ball python skeletons
  3 giant cockroaches
  A giant cockroach zombie (D:6)
  12 giant geckos
  A giant gecko skeleton (D:5)
  8 giant newts
  14 goblins
  10 kobolds
  A quokka skeleton (D:4)
  A quokka zombie (D:5)
  10 rats
305 creatures vanquished.

Notes
Turn   | Place    | Note
--------------------------------------------------------------
     0 | D:1      | karlkraus the Minotaur Fighter began the quest for the Orb.
     0 | D:1      | Reached XP level 1. HP: 19/19 MP: 0/0
   113 | D:1      | Reached XP level 2. HP: 25/27 MP: 1/1
   262 | D:1      | Reached skill level 4 in Fighting
   489 | D:2      | Noticed Robin
   490 | D:2      | Reached XP level 3. HP: 24/33 MP: 2/2
   512 | D:2      | Killed Robin
   573 | D:2      | Reached XP level 4. HP: 26/40 MP: 3/3
   947 | D:3      | Noticed a giant frog
   955 | D:3      | Killed a giant frog
   955 | D:3      | Reached skill level 1 in Dodging
   955 | D:3      | Reached skill level 5 in Shields
   955 | D:3      | Reached XP level 5. HP: 33/47 MP: 4/4
  1063 | D:3      | Found a white marble altar of Elyvilon.
  1069 | D:3      | Found a bloodstained altar of Trog.
  1267 | D:3      | Found a bloodstained altar of Trog.
  1399 | D:3      | Found a faded altar to an unknown god.
  1603 | D:4      | Found Fuirch Iddeibb's Antique Weapon Shop.
  1674 | D:4      | Found a basalt altar of Yredelemnul.
  1674 | D:4      | Found a sparkling altar of Nemelex Xobeh.
  1971 | D:4      | Found a burning altar of Makhleb.
  1971 | D:4      | Noticed a cacodemon
  1975 | D:4      | Noticed a ynoxinul
  1975 | D:4      | Noticed an orange demon
  2266 | D:4      | Reached XP level 6. HP: 45/55 MP: 5/5
  2283 | D:4      | Noticed a black bear
  2301 | D:4      | Killed a black bear
  2301 | D:4      | Reached skill level 5 in Armour
  2393 | D:5      | Entered Level 5 of the Dungeon
  2420 | D:5      | Reached skill level 5 in Fighting
  2652 | D:5      | Reached skill level 6 in Shields
  2669 | D:5      | Reached XP level 7. HP: 52/61 MP: 6/6
  2984 | D:5      | Reached skill level 5 in Maces & Flails
  2984 | D:5      | Reached skill level 7 in Shields
  3105 | D:5      | Reached XP level 8. HP: 70/70 MP: 7/7
  3217 | D:5      | Reached skill level 8 in Shields
  3742 | D:6      | Found Roh Yczu's Food Emporium.
  3774 | D:6      | Reached skill level 9 in Shields
  3816 | D:6      | Found a shadowy altar of Dithmenos.
  4048 | D:6      | Reached XP level 9. HP: 68/78 MP: 8/8
  4337 | D:6      | Found a sacrificial altar of Ru.
  4350 | D:6      | Became a worshipper of Ru the Awakened
  4435 | D:7      | Found a staircase to the Ecumenical Temple.
  4486 | D:7      | Reached skill level 1 in Stealth
  4486 | D:7      | Reached skill level 10 in Shields
  4995 | D:7      | Found a sacrificial altar of Ru.
  5424 | D:8      | Reached XP level 10. HP: 83/88 MP: 9/9
  5456 | D:8      | Reached skill level 11 in Shields
  5540 | D:8      | Noticed Gastronok
  5565 | D:8      | Killed Gastronok
  5565 | D:8      | Reached skill level 10 in Maces & Flails
  5878 | D:8      | Found a white marble altar of Elyvilon.
  6077 | D:8      | Found an ancient bone altar of Kikubaaqudgha.
  6124 | D:8      | Reached skill level 12 in Shields
  6319 | D:9      | Noticed karlkraus's ghost (experienced MiFi)
  6334 | D:9      | Noticed Prince Ribbit
  6389 | D:9      | Killed karlkraus's ghost
  6389 | D:9      | Reached XP level 11. HP: 61/97 MP: 10/10
  6392 | D:9      | Found a staircase to the Orcish Mines.
  6675 | Orc:1    | Entered Level 1 of the Orcish Mines
  6731 | Orc:1    | Gained mutation: You are hated by all. [Ru sacrifice]
  6731 | Orc:1    | Acquired Ru's first power
  6913 | Orc:1    | Found a roughly hewn altar of Beogh.
  7636 | Orc:4    | Entered Level 4 of the Orcish Mines
  7639 | Orc:4    | Found a roughly hewn altar of Beogh.
  7662 | Orc:3    | Noticed Maud
  7680 | Orc:3    | Killed from afar by an orc priest

Vault maps used:
D:1:      dpeg_arrival_ratfight
D:2:      glass_columns_a, minmay_vboxes, uniq_robin
D:3:      grunt_temple_overflow_open, ecumenical_altar_1, trog_butcher_becter
D:4:      black_bear_nest_2, gammafunk_temple_overflow_wave, serial_shops,
          nicolae_shop_crystal, makhleb_altar_promises_db
D:5:      first_bread
D:6:      overflow_temple_1_default, nicolae_dithmenos_shadow_blocks,
          serial_shops, nicolae_shop_scaring_up_business,
          minmay_misc_feat_diagonals, st_stairs_3
D:7:      minmay_temple_entry_statues_fountains, nicolae_ru_path_of_blood
D:8:      lemuel_mausoleum_altar_kikubaaqudgha, basic_altar, uniq_gastronok
D:9:      david_orc_3, uniq_prince_ribbit1
Orc:1:    david_defended_altar_orc
Orc:2:    nicolae_volcano_entry_batcave
Orc:3:    portal_ice_cave_entry_ice_beasts, nicolae_orc_pool_cavern, uniq_maud,
          uniq_snorg
Orc:4:    grunt_orc_cross, serial_shops, shop_fountains, basic_altar

Action                   |  1- 3 |  4- 6 |  7- 9 | 10-12 || total
-------------------------+-------+-------+-------+-------++-------
Melee: Flail             |    80 |   220 |   415 |   413 ||  1128
Invok: Reject Sacrifices |       |       |     1 |       ||     1
       Sacrifice Love    |       |       |       |     1 ||     1
  Use: Potion            |       |       |     5 |     3 ||     8
       Scroll            |       |       |    11 |       ||    11
  Eat: Chunk             |       |     5 |     9 |     8 ||    22
       Fruit             |       |       |       |     1 ||     1
